 Dungeon Crawl Stone Soup version 0.30-a0-723-gc1506a1cf0 (webtiles) character file.

Game seed: 6513294849672785479

77 junb69 the Insei (level 4, 0/45 HPs)
             Began as an Octopode Transmuter on Jan 28, 2023.
             Succumbed to an adder's poison
             ... on level 3 of the Dungeon.
             The game lasted 00:03:31 (1649 turns).

junb69 the Insei (Octopode Transmuter)              Turns: 1649, Time: 00:03:31

Health: 0/45       AC: 22    Str:  9    XL:     4   Next: 34%
Magic:  6/7        EV:  2    Int: 17    God:
Gold:   105        SH:  0    Dex: 12    Spells: 6/7 levels left

rFire   . . .      SeeInvis .      - Unarmed
rCold   . . .      Faith    .    (no shield)
rNeg    . . .      Spirit   .    (helmet currently unavailable)
rPois   +          Reflect  .    (no amulet)
rElec   .          Harm     .    (no ring)
rCorr   .          Rampage  .    (no ring)
Will    .....      NoTele   +    (no ring)
Stlth   +                        (no ring)
HPRegen 0.00/turn                (no ring)
MPRegen 0.10/turn                (no ring)
                                 (no ring)
                                 (no ring)

@: lethally poisoned (0 -> -10), tree-form, inhibited regen
A: stationary, stasis, torment immunity, boosted hp, almost no armour,
(amphibious), 8 rings, (camouflage 1), (gelatinous body 1), (nimble swimmer 1),
(tentacles), robust 1, inhibited regeneration
a: no special abilities


You were on level 3 of the Dungeon.
You were a tree.
You visited 1 branch of the dungeon, and saw 3 of its levels.

You collected 105 gold pieces.

Inventory:

Scrolls
 c - 2 scrolls of identify {unknown}
 e - a scroll of noise {unknown}
 f - a scroll of amnesia {unknown}
 g - 2 scrolls of silence {unknown}
 h - a scroll of teleportation {unknown}
 i - a scroll of blinking {unknown}
 j - a scroll of enchant weapon {unknown}
 k - 2 scrolls of vulnerability {unknown}
Potions
 b - a potion of mutation
 d - a potion of resistance {unknown}
 l - 2 potions of brilliance {unknown}


   Skills:
 - Level 1.0 Fighting
 - Level 2.0 Dodging
 * Level 5.0 Unarmed Combat
 - Level 2.0 Spellcasting
 - Level 2.0 Transmutations


You had 6 spell levels left.
You knew the following spells:

 Your Spells              Type           Power      Damage    Failure   Level
a - Beastly Appendage     Tmut           16%        N/A       9%          1

Your spell library contained the following spells:

 Spells                   Type           Power      Damage    Failure   Level
 Wereblood                Tmut           8%         N/A       13%         2
 Spider Form              Tmut/Pois      5%         N/A       36%         3
 Ice Form                 Ice/Tmut       5%         N/A       77%         4


Dungeon Overview and Level Annotations

Branches:
Dungeon (3/15)

Altars:
Fedhas

Annotations:
D:2 Sigmund


Innate Abilities, Weirdness & Mutations

You are a tree.
Your roots penetrate the ground, keeping you stationary.
You cannot be teleported.
You are immune to unholy pain and torment.
Your maximum health is greatly increased.
You cannot wear most types of armour.
((You are amphibious.))
You can wear up to eight rings at the same time.
((Your skin changes colour to match your surroundings (Stealth+).))
((Your rubbery body absorbs attacks. (AC +1, EV +1)))
((You are camouflaged when in or above water. (Stealth+)))
((You have tentacles for arms and can constrict up to eight enemies at once.))
You are robust. (+10% HP)
You do not regenerate when monsters are visible.


Message History

You feel sick. The adder bites you.
You tentacle-slap the adder. Your grab misses the adder.
Your tentacle spike misses the adder.
The adder is severely wounded.
You feel sick. The adder bites you.
You are more poisoned.
The adder poisons you! The adder bites you.
You are lethally poisoned!
The adder poisons you!
You completely miss the adder. Your grab misses the adder.
The adder is severely wounded.
You feel very sick. The adder completely misses you.
You miss the adder. Your grab misses the adder.
The adder is severely wounded.
* * * LOW HITPOINT WARNING * * *
You feel very sick. The adder bites you.
* * * LOW HITPOINT WARNING * * *
You are more poisoned.
The adder poisons you!
Really quaff the potion of lignification?
Your tentacle spike disappears.
You turn into a tree.
Your roots penetrate the ground.
* * * LOW HITPOINT WARNING * * *
You feel very sick. The adder bites you but does no damage.
You barely miss the adder.
The adder is heavily wounded.
* * * LOW HITPOINT WARNING * * *
You feel very sick. The adder bites you but does no damage.
You hit the adder.
You kill the adder!
* * * LOW HITPOINT WARNING * * *
You feel sick.
Your Unarmed Combat skill increases to level 5!
It was a potion of mutation.
You feel extremely strange.
You feel robust.
Your regeneration stops near monsters.
You die...

#S.# #.# #..## #.#
#...# #.# #.## #.#
#..# #.# #Kh#
####.## #S.#
#...... #S##
#####.# #♣## #<#.#
#..###########.#.#
##.....#.#.......#
#.....#.#..##.###
#.......#..##.#
#..........##.#
#.....#....##.#
#.....#.#......
#.....#.#...#.#


You could see a jackal, 2 ball pythons and a kobold.

Vanquished Creatures
  4 adders
  5 bats
  4 endoplasms
  2 giant cockroaches (D:2)
  3 goblins
  7 hobgoblins
  2 jackals (D:3)
  2 quokkas
  2 ball pythons
  2 frilled lizards
  4 kobolds
  3 rats
40 creatures vanquished.

Vanquished Creatures (others)
  A plant (D:2)
1 creature vanquished.

Grand Total: 41 creatures vanquished

Notes
Turn   | Place    | Note
-------+----------+-------------------------------------------
     0 | D:1      | junb69 the Octopode Transmuter began the quest for the Orb.
     0 | D:1      | Reached XP level 1. HP: 13/13 MP: 3/3
   123 | D:1      | Reached XP level 2. HP: 16/18 MP: 5/5
   865 | D:2      | Reached skill level 4 in Unarmed Combat
   944 | D:2      | Reached XP level 3. HP: 15/23 MP: 4/6
  1040 | D:2      | Noticed Sigmund
  1446 | D:2      | Found a blossoming altar of Fedhas.
  1634 | D:3      | Reached XP level 4. HP: 28/28 MP: 4/7
  1648 | D:3      | HP: 2/42 [poisoned by an adder]
  1649 | D:3      | Reached skill level 5 in Unarmed Combat
  1649 | D:3      | Gained mutation: You are robust. (+10% HP) [potion of
                  | mutation]
  1649 | D:3      | Gained mutation: You do not regenerate when monsters are
                  | visible. [potion of mutation]
  1649 | D:3      | Succumbed to an adder's poison

Illustrated notes

Levels and vault maps discovered:
D:1:      elethiomel_arrival_quiet, layout_basic, minmay_tree_intersection
D:2:      layout_rooms, basic_altar, serial_bayou, serial_bayou_pond_b,
          serial_bayou_shore_b, serial_bayou_pond_e, serial_bayou_crossing,
          uniq_sigmund
D:3:      layout_basic, regret_index_temple_of_mockery,
          nicolae_wu_jian_immortal_techniques, portal_sewer_entry_a,
          grunt_ministairs_4

Skill      XL: |  1  2  3  4 |
---------------+-------------+-----
Unarmed Combat | 4 5 |  5.0
Fighting       | |  1.0
Dodging        | |  2.0
Spellcasting   | |  2.0
Transmutations | |  2.0

Action                     |  1- 3 |  4- 6 || total
---------------------------+-------+-------++-------
  Melee: Unarmed           |    70 |     9 ||    79
         Constrict         |    25 |     2 ||    27
         Tentacles         |    19 |     1 ||    20
         Kick              |    14 |     2 ||    16
         Punch             |     5 |       ||     5
   Cast: Beastly Appendage |    16 |       ||    16
    Use: Potion            |       |     2 ||     2
 Armour: Skin              |     3 |     2 ||     5
  Dodge: Dodged            |    40 |     1 ||    41

Table legend: (Time is in decaauts)
 A = Elapsed time spent in this place.
 B = Non-inter-level travel time spent in this place.
 C = Inter-level travel time spent in this place.
 D = Time resting spent in this place.
 E = Time spent auto-exploring this place.
 F = Levels seen in this place.
 G = Mean time per level.
                   A        B        C        D        E       F      G
               +--------+--------+--------+--------+--------+-----+--------+
         Total |   1642 |   1570 |     72 |     75 |   1136 |   3 |  547.3 |
       Dungeon |   1642 |   1570 |     72 |     75 |   1136 |   3 |  547.3 |
               +--------+--------+--------+--------+--------+-----+--------+

Top non-repeatable levels by time:
     D:1: 898 daAuts
     D:2: 673 daAuts
     D:3: 70 daAuts
